 Dungeon Crawl Stone Soup version 0.21.1-1-g345015fe64 (webtiles) character file.

134 Oravi the Insei (level 5, -4/37 HPs)
             Began as a Merfolk Transmuter on May 7, 2018.
             Was an Initiate of Okawaru.
             Slain by Natasha (7 damage)
             ... on level 3 of the Dungeon.
             The game lasted 00:05:56 (2444 turns).

Oravi the Insei (Merfolk Transmuter)                Turns: 2444, Time: 00:05:56

Health: -4/37      AC:  0    Str: 10    XL:     5   Next: 17%
Magic:  6/8        EV: 15    Int: 14    God:    Okawaru [......]
Gold:   118        SH:  0    Dex: 14    Spells: 2/8 levels left

rFire    . . .     SeeInvis .     - Unarmed
rCold    . . .     Gourm    .   (shield currently unavailable)
rNeg     . . .     Faith    .   (armour currently unavailable)
rPois    .         Spirit   .   (helmet currently unavailable)
rElec    .         Reflect  .   (cloak currently unavailable)
rCorr    .         Harm     .   (gloves currently unavailable)
MR       .....                  (boots currently unavailable)
Stlth    +.........             (no amulet)
HPRegen  0.12/turn              (ring currently unavailable)
MPRegen  0.11/turn              (ring currently unavailable)

@: pig-form (expiring), invisible, very quick
A: small, (change form in water), (swift swim), (stealthy swim)
a: Renounce Religion


You were on level 3 of the Dungeon.
You worshipped Okawaru.
Okawaru was noncommittal.
You were not hungry.
You were a filthy swine.
You visited 1 branch of the dungeon, and saw 3 of its levels.

You collected 118 gold pieces.

Inventory:

Missiles
 a - 12 arrows
Armour
 b - a +0 robe (melded)
 p - a +0 pair of gloves (melded)
Magical Staves
 r - an uncursed staff of wizardry (melded)
Jewellery
 s - a ring of protection from cold (melded)
Wands
 q - a wand of random effects (29)
 t - a wand of digging (17)
Scrolls
 e - 5 scrolls of identify {unknown}
 h - 8 scrolls of teleportation {unknown}
 k - a scroll of noise {unknown}
 l - a scroll of magic mapping {unknown}
 m - a scroll of immolation {unknown}
 o - 2 scrolls of remove curse {unknown}
Potions
 i - a potion of lignification {unknown}
 j - 2 potions of brilliance {unknown}
 n - a potion of might {unknown}
Books
 c - a book of Changes

   Spells                             Type                      Level
   a - Beastly Appendage              Transmutation                1
   b - Sticks to Snakes               Transmutation                2
   c - Spider Form                    Transmutation/Poison         3
   d - Ice Form                       Ice/Transmutation            4
   e - Blade Hands                    Transmutation                5
Comestibles
 d - 10 rations
 f - 2 chunks of flesh


   Skills:
 + Level 1.5 Fighting
 + Level 3.1 Dodging
 + Level 5.6 Unarmed Combat
 + Level 2.2 Spellcasting
 + Level 3.1 Transmutations


You had 2 spell levels left.
You knew the following spells:

 Your Spells              Type           Power        Failure   Level  Hunger
a - Spider Form           Tmut/Pois      #.........   36%         3    ###....
b - Sticks to Snakes      Tmut           ##......     10%         2    ###....
c - Beastly Appendage     Tmut           ##....       6%          1    #......


Dungeon Overview and Level Annotations

Branches:
Dungeon (3/15)

Altars:
Okawaru

Annotations:
D:3 Natasha


Message History

Natasha is severely wounded.
The giant cockroach bites you.
Natasha zaps a wand.
You resist with some effort. The shadow imp hits you.
You hit Natasha but do no damage.
Natasha is severely wounded.
The giant cockroach closely misses you. Natasha completely misses you.
The shadow imp hits you. The giant cockroach closely misses you.
You barely miss Natasha.
Natasha is severely wounded.
Your transformation is almost over.
Natasha claws you.
* * * LOW HITPOINT WARNING * * *
The shadow imp hits you.
* * * LOW HITPOINT WARNING * * *
The giant cockroach bites you.
* * * LOW HITPOINT WARNING * * *
It was a potion of invisibility.
You fade into invisibility!
Natasha claws you!
You die...

# #.....# ### # #
#####.#####.#############...#
# ###....##.#...............#
## #...........####...####[..#
.# ######...>### #..#.# .#
##)..#####..#.## .#
#.....##...#..# .#
#..5#.##.#.##.## # .##
#..sh....#..#..# # ..###
##.#h.##.##.##.# ## #...#
#####.#.....##.##.# #.
###.######.)..........#....###
#.
#..##....##..###....###....#
#. ##..#)#####.##
#.#...#..#.###( #####<..#
#...# #.#.#..#.#.##..
#.......###.###
#......#....... #.#####..##.#
#..##..#.##..#


You could see Natasha, a shadow imp and a giant cockroach.

Vanquished Creatures
  Natasha (D:3)
  2 adders (D:2)
  A worm (D:2)
  3 dart slugs
  2 leopard geckos
  An orc (D:3)
  11 giant cockroaches
  9 goblins
  11 hobgoblins
  3 jackals (D:2)
  14 kobolds
  3 ball pythons
  4 bats
  4 frilled lizards
  5 rats
74 creatures vanquished.

Notes
Turn   | Place    | Note
-------+----------+-------------------------------------------
     0 | D:1      | Oravi the Merfolk Transmuter began the quest for the Orb.
     0 | D:1      | Reached XP level 1. HP: 15/15 MP: 3/3
   242 | D:1      | Reached XP level 2. HP: 15/21 MP: 3/5
   271 | D:1      | Reached skill level 4 in Unarmed Combat
   795 | D:1      | Reached XP level 3. HP: 26/26 MP: 4/6
   799 | D:1      | Learned a level 2 spell: Sticks to Snakes
   803 | D:1      | Learned a level 3 spell: Spider Form
  1357 | D:2      | Found an iron altar of Okawaru.
  1372 | D:2      | Reached skill level 5 in Unarmed Combat
  1377 | D:2      | Reached XP level 4. HP: 15/32 MP: 7/7
  1393 | D:2      | Became a worshipper of Warmaster Okawaru
  2284 | D:3      | Noticed Natasha
  2293 | D:3      | Killed Natasha
  2293 | D:3      | Reached XP level 5. HP: 30/37 MP: 4/8
  2430 | D:3      | Noticed Natasha
  2444 | D:3      | Slain by Natasha

Skill      XL: |  1  2  3  4 |
---------------+-------------+-----
Unarmed Combat | 4 5 |  5.6
Dodging        | 3 |  3.1
Transmutations | 3 |  3.1
Fighting       | |  1.5
Spellcasting   | |  2.2

Action                   |  1- 3 |  4- 6 || total
-------------------------+-------+-------++-------
Melee: Unarmed           |    95 |    94 ||   189
       Headbutt          |    12 |     3 ||    15
       Staff             |       |    16 ||    16
       Punch             |       |     1 ||     1
 Cast: Beastly Appendage |    19 |    11 ||    30
       Spider Form       |       |    11 ||    11
  Use: Potion            |       |     1 ||     1
 Stab: Sleeping          |       |     2 ||     2
  Eat: Chunk             |     2 |     5 ||     7
Armor: Robe              |    16 |    12 ||    28
       Skin              |       |     2 ||     2
Dodge: Dodged            |    52 |    98 ||   150
